 Dungeon Crawl Stone Soup version 0.31.0-32-g396128a36d (webtiles) character file.

Game seed: 2171926578460780209

116810 PaiMei the Necromancer (level 16, -11/131 HPs)
             Began as a Demonspawn Necromancer on Apr 3, 2024.
             Was a High Priest of Sif Muna.
             Mangled by Donald
             ... wielding a +5 long sword of holy wrath
              (16 damage)
             ... on level 2 of the Elven Halls on Apr 4, 2024.
             The game lasted 01:40:28 (45033 turns).

PaiMei the Necromancer (Demonspawn Necromancer)    Turns: 45033, Time: 01:40:29

Health: -11/131    AC: 27    Str:  9    XL:     16   Next: 21%
Magic:  35/42      EV: 15    Int: 26    God:    Sif Muna [*****.]
Gold:   1410       SH: 11    Dex: 12    Spells: 24/42 levels left

rFire   . . .        a - +7 flail of Riudecru {spect, rC+ MP+9 Int+3 SInv}
rCold   + . .        y - +2 buckler
rNeg    . . .        W - +0 troll leather armour
rPois   .            e - +0 mask of the Dragon {Will+ Slay+3 SInv}
rElec   .            n - +2 cloak
rCorr   .            (no gloves)
SInv    +            D - +0 pair of boots
Will    ++...        w - amulet of magic regeneration
Stlth   ++           d - ring of wizardry
HPRegen 1.21/turn    l - ring of see invisible
MPRegen 0.96/turn

%: wizardry (x1)
@: sanguine armoured
A: antennae 2, icemail 2, magic regeneration, sanguine armour 3, condensation
shield, clumsy 1
a: Renounce Religion, Channel Magic, Forget Spell, Divine Exegesis


You were on level 2 of the Elven Halls.
You worshipped Sif Muna.
Sif Muna was extremely pleased with you.
You visited 7 branches of the dungeon, and saw 27 of its levels.

You collected 2378 gold pieces.
You spent 968 gold pieces at shops.

Inventory:

Hand Weapons
 a - the +7 flail of Riudecru (weapon) {spect, rC+ MP+9 Int+3 SInv}
   (You bought it in a shop on level 2 of the Orcish Mines)

   Int+3:     It affects your intelligence (+3).
   rC+:       It protects you from cold.
   MP+9:      It affects your magic capacity (+9).
   SInv:      It lets you see invisible.
 b - the +10 sling of Ucwuics Icli {speed, *Slow Will+ Dex+6}
   (You found it on level 10 of the Dungeon)

   Dex+6:     It affects your dexterity (+6).
   Will+:     It increases your willpower.
   *Slow:     It may slow you when you take damage.
 E - a +2 war axe of freezing
 K - a +3 demon trident of flaming
Missiles
 k - 4 darts of dispersal (quivered)
 C - 4 throwing nets
Armour
 e - the +0 mask of the Dragon (worn) {Will+ Slay+3 SInv}
   (You found it on level 5 of the Lair of Beasts)

   Slay+3:    It affects your accuracy & damage with ranged weapons and melee
   (+3).
   Will+:     It increases your willpower.
   SInv:      It lets you see invisible.
 n - a +2 cloak (worn)
 y - a +2 buckler (worn)
 D - a +0 pair of boots (worn)
 W - a +0 troll leather armour (worn)
Jewellery
 d - a ring of wizardry (left hand)
 f - a ring of protection from fire
 l - a ring of see invisible (right hand)
 w - an amulet of magic regeneration (around neck)
 A - a ring of positive energy
 H - an amulet of faith
Wands
 m - a wand of digging (7)
 t - a wand of paralysis (7)
 F - a wand of roots (36)
 M - a wand of light (4)
 O - a wand of flame (29)
Scrolls
 h - 2 scrolls of fear
 j - 5 scrolls of teleportation
 p - a scroll of amnesia
 q - a scroll of silence
 s - 6 scrolls of fog
 u - a scroll of blinking
 x - 10 scrolls of enchant armour
 G - 3 scrolls of poison
 J - 2 scrolls of revelation
 S - 3 scrolls of immolation
 X - a scroll of acquirement
 Y - 2 scrolls of summoning
 Z - a scroll of vulnerability
Potions
 c - a potion of attraction
 g - a potion of might {unknown}
 i - 9 potions of curing
 r - a potion of mutation {unknown}
 v - 2 potions of ambrosia
 z - 3 potions of brilliance
 B - 2 potions of enlightenment {unknown}
 N - 3 potions of haste
 R - a potion of magic
 U - a potion of cancellation {unknown}
Miscellaneous
 I - a tin of tremorstones (2/2)
 Q - a box of beasts
 T - a phial of floods


   Skills:
 - Level 13.4 Fighting
 + Level 3.1 Maces & Flails
 - Level 2.4 Polearms
 - Level 11.0 Dodging
 - Level 3.3 Stealth
 - Level 5.1 Shields
 + Level 13.8 Spellcasting
 - Level 16.0 Necromancy
 + Level 3.6 Earth Magic
 * Level 10.4 Invocations
 - Level 4.4 Evocations


You had 24 spell levels left.
You knew the following spells:

 Your Spells              Type           Power      Damage    Failure   Level
a - Necrotise             Necr           100%       1d9       0%          1
b - Vampiric Draining     Necr           79%        2d11      1%          3
c - Animate Dead          Necr           79%        N/A       1%          4
d - Curse of Agony        Necr           79%        N/A       1%          5
e - Borgnjor's Vile Clut  Necr/Erth      31%        N/A       1%          5

Your spell library contained the following spells:

 Spells                   Type           Power      Damage    Failure   Level
 Sublimation of Blood     Necr           79%        N/A       0%          2
 Kiss of Death            Conj/Necr      100%       2d13      1%          1
 Fugue of the Fallen      Necr           79%        N/A       1%          3
 Foxfire                  Conj/Fire      68%        2x1d7     2%          1
 Magic Dart               Conj           68%        1d6       2%          1
 Slow                     Hex            68%        N/A       2%          1
 Summon Small Mammal      Summ           68%        N/A       2%          1
 Blink                    Tloc           34%        N/A       4%          2
 Call Imp                 Summ           34%        N/A       4%          2
 Mercury Vapours          Alch/Air       34%        N/A       4%          2
 Call Canine Familiar     Summ           17%        N/A       8%          3
 Confusing Touch          Hex            17%        N/A       8%          3
 Dazzling Flash           Conj/Hex       34%        N/A       8%          3
 Mephitic Cloud           Conj/Alch/Air  17%        N/A       8%          3
 Ozocubu's Armour         Ice            17%        N/A       8%          3
 Sigil of Binding         Hex            17%        N/A       8%          3
 Swiftness                Air            17%        N/A       8%          3
 Brom's Barrelling Bould  Conj/Erth      27%        2d5       12%         4
 Leda's Liquefaction      Alch/Erth      13%        N/A       12%         4
 Lee's Rapid Deconstruct  Erth           18%        3d11*     16%         5
 Borgnjor's Revivificati  Necr           39%        N/A       22%         8
 Infestation              Necr           39%        N/A       22%         8
 Airstrike                Air            8%         2d(2-18)  24%         4
 Dimensional Bullseye     Hex/Tloc       8%         N/A       24%         4
 Ignite Poison            Fire/Alch      17%        N/A       24%         4
 Manifold Assault         Tloc           17%        N/A       24%         4
 Summon Blazeheart Golem  Fire/Summ      17%        N/A       24%         4
 Alistair's Intoxication  Alch           11%        N/A       52%         5
 Fireball                 Conj/Fire      8%         3d6       52%         5
 Freezing Cloud           Conj/Ice/Air   8%         6-21      52%         5
 Iskenderun's Battlesphe  Conj           17%        2d7       52%         5
 Silence                  Hex/Air        8%         N/A       52%         5
 Haunt                    Necr/Summ      28%        N/A       58%         7
 Bombard                  Conj/Erth      13%        9d3       85%         6
 Conjure Ball Lightning   Conj/Air       8%         3x3d6     97%         6
 Eringya's Noxious Bog    Alch           8%         4d6       97%         6
 Plasma Beam              Fire/Air       8%         2x1d19    97%         6
 Starburst                Conj/Fire      8%         6d4       97%         6
 Orb of Destruction       Conj           8%         9d6       100%        7


Dungeon Overview and Level Annotations

Branches:
Dungeon (15/15)            Temple (1/1) D:4            Lair (5/5) D:11
 Shoals (0/4) Lair:2        Snake (1/4) Lair:2        Slime (0/5) Lair:4
    Orc (2/2) D:9             Elf (2/3) Orc:2        Vaults (0/5) D:13
 Depths (1/4) D:15

Altars:
Ashenzari
Cheibriados
Dithmenos
Gozag
Hepliaklqana
Makhleb
Nemelex Xobeh
Okawaru
Qazlal
Ru
Sif Muna
Trog
Uskayaw
Vehumet
Wu Jian
Xom
Yredelemnul

Shops:
D:3 [   D:8 :   Orc:2 ?([(:   Elf:1 ([

Annotations:
D:4 2 transporters, Seabass1289's ghost, amateur GrEE
D:6 Menkaure
D:12 Nergalle
D:13 Azrael
Lair:5 Rupert
Elf:2 Donald


Innate Abilities, Weirdness & Mutations

You have a pair of antennae on your head.
A meltable icy envelope protects you from harm. (AC +8)
You regenerate magic rapidly.
When seriously injured, your blood forms very thick armour. (AC +12)
A meltable shield of frost defends you. (SH +4)
You are clumsy. (Dex -2)


Message History

Casting: Borgnjor's Vile Clutch (mildly dangerous; 1% risk of failure)
Confirm with . or Enter, or press ? or * to list all spells.
Aiming: Curse of Agony (safe; 1% risk of failure)
Press: ? - help, Shift-Dir - straight line, f/p - Donald
Aim: Donald, wielding a +5 long sword of holy wrath, wearing a +0 plate armour, wearing a +0 kite shield of reflection and quivering stones (moderately wounded, fast, strong, reflecting blocked projectiles, chance to affect: 47%) Donald resists with some effort.
Your +7 flail of Riudecru {spect, rC+ MP+9 Int+3 SInv} disappears.
Donald says, "I hate books."
Donald completely misses you.
Donald hits you with a +5 long sword of holy wrath.
You convulse!
You hit Donald but do no damage.
Donald is moderately wounded.
Donald blocks your +7 flail of Riudecru {spect, rC+ MP+9 Int+3 SInv}'s attack.
Donald hits you with a +5 long sword of holy wrath!!
You convulse!!
* * * LOW HITPOINT WARNING * * *
You block Donald's attack.
Casting: Curse of Agony (safe; 1% risk of failure)
Confirm with . or Enter, or press ? or * to list all spells.
Aiming: Vampiric Draining (safe; 1% risk of failure)
Press: ? - help, Shift-Dir - straight line, f/p - Donald
Aim: Donald, wielding a +5 long sword of holy wrath, wearing a +0 plate armour, wearing a +0 kite shield of reflection and quivering stones (moderately wounded, fast, strong, reflecting blocked projectiles)
You draw life force from Donald.
You feel life coursing into your body.
Your +7 flail of Riudecru {spect, rC+ MP+9 Int+3 SInv} disappears.
Donald hits you with a +5 long sword of holy wrath!
* * * LOW HITPOINT WARNING * * *
You convulse.
* * * LOW HITPOINT WARNING * * *
Casting: Vampiric Draining (safe; 1% risk of failure)
Confirm with . or Enter, or press ? or * to list all spells.
Aiming: Vampiric Draining (safe; 1% risk of failure)
Press: ? - help, Shift-Dir - straight line, f/p - Donald
Aim: Donald, wielding a +5 long sword of holy wrath, wearing a +0 plate armour, wearing a +0 kite shield of reflection and quivering stones (moderately wounded, fast, strong, reflecting blocked projectiles)
You draw life force from Donald.
You feel life coursing into your body.
Donald hits you with a +5 long sword of holy wrath!
* * * LOW HITPOINT WARNING * * *
You convulse!
You die...
Donald says, "Well, maybe you weren't so bad after all."

##'#############..#
.......... #..#
.......... #..#
).......... #..#
######..#'# #..#
... ..'.. #>.# ....
..#. #..# ##### #
#..# #@.# #@.# #..#
#..# ...# ...# ####


You could see Donald (fast, strong, reflecting).

Vanquished Creatures
  Agnes (Elf:2)
  Louise (D:14)
  A yaktaur captain (D:15)
  A rakshasa (D:15)
  2 ogre magi
  2 catoblepae (D:14)
  3 hydras
  4 boulder beetles
  4 centaur warriors
  A death knight (D:15)
  10 two-headed ogres
  9 dancing weapons
  5 death yaks
  5 tengu warriors
  An occultist (D:15)
  An orc high priest (Orc:2)
  6 deep elf knights
  4 skysharks
  2 skeletal warriors
  A sea snake (Lair:5)
  A mana viper (shapeshifter) (Elf:1)
  16 deep elf pyromancers
  7 orc knights
  3 deep elf archers
  8 deep elf zephyrmancers
  12 ugly things
  A necromancer (D:15)
  A salamander (Lair:2)
  An oklob plant (Lair:5)
  5 cyclopes
  8 orc sorcerers
  2 manticores
  An elephant (Lair:5)
  2 merfolk sirens (Lair:2)
  6 slime creatures (D:14)
  2 black mambas
  A kobold blastminer (Orc:2)
  4 centaur skeletons
  A torpor snail (Lair:5)
  9 cane toads
  2 efreet
  4 unseen horrors
  A yaktaur (D:12)
  2 rime drakes (Lair:5)
  8 komodo dragons
  8 trolls
  A tengu conjurer (D:15)
  A polar bear (shapeshifter) (D:15)
  6 saltlings (Orc:2)
  A hornet (shapeshifter) (Elf:2)
  A snapping turtle (Lair:5)
  A harpy skeleton (D:15)
  9 blink frogs
  5 dream sheep
  A shadow (D:10)
  A culicivora (shapeshifter) (D:12)
  A centaur simulacrum (D:15)
  2 air elementals (Elf:2)
  3 wraiths
  3 fire elementals (Elf:2)
  7 wyverns
  2 wargs
  49 yaks
  5 basilisks
  4 steam dragons
  9 vampire mosquitoes
  2 nagas (Lair:2)
  6 acid dragons
  8 water moccasins
  2 black bears
  2 sky beasts
  13 orc warriors
  A laughing skull (D:10)
  4 ogres
  11 wolves
  11 centaurs
  A phantom (D:5)
  A kobold brigand (D:9)
  2 gnoll sergeants
  16 bullfrogs
  3 earth elementals
  8 wights
  A hornet simulacrum (D:15)
  14 killer bees
  3 spriggan skeletons (D:9)
  A troll skeleton (D:9)
  3 electric eels
  6 howler monkeys
  A bombardier beetle (D:8)
  6 hounds
  12 orc priests
  2 gnoll boudas
  2 iguanas
  Ijyb (D:3)
  16 orc wizards
  A sleepcap (D:7)
  A hell rat (Lair:3)
  14 gnolls
  5 adders
  2 white imps
  3 dart slugs
  42 orcs
  5 endoplasms
  4 giant cockroaches
  15 goblins
  5 hobgoblins
  10 jackals
  10 kobolds
  9 quokkas
  7 ball pythons
  6 bats
  4 frilled lizards
  10 rats
604 creatures vanquished.

Vanquished Creatures (collateral kills)
  A hydra (Lair:5)
  A merfolk avatar (Lair:5)
  A boulder beetle (D:13)
  A catoblepas (Lair:3)
  A sea snake (Lair:5)
  An orc knight (Orc:2)
  2 harpies (Lair:5)
  A cyclops (Orc:2)
  2 manticores (Lair:5)
  2 elephants (Lair:5)
  3 black mambas
  A cane toad (Lair:4)
  2 komodo dragons (Lair:5)
  A troll (Orc:2)
  2 polar bears
  4 dream sheep
  A saltling (Orc:2)
  A blink frog (Lair:2)
  A wraith (D:10)
  2 wyverns (Lair:5)
  7 yaks
  2 basilisks (Lair:5)
  A vampire mosquito (D:10)
  A naga (Lair:2)
  2 water moccasins
  2 orc warriors (Orc:2)
  A wolf (Lair:2)
  5 bullfrogs
  An electric eel (Lair:3)
  2 spriggan skeletons (D:9)
  4 orc priests
  5 hell rats (Lair:3)
  8 orcs (Orc:2)
  2 ball pythons
  A bat (Orc:2)
  A goblin (D:3)
  A hobgoblin (D:1)
  A jackal (D:4)
  A kobold (D:2)
  A rat (D:1)
80 creatures vanquished.

Vanquished Creatures (others)
  An occultist (D:15)
  2 deep elf knights (Elf:1)
  2 centaur skeletons (D:13)
  2 hydra zombies
  A boulder beetle zombie (D:13)
  A black mamba zombie (Lair:5)
  A slime creature (D:14)
  5 two-headed ogre zombies
  A vampire mosquito (D:13)
  2 skyshark zombies
  2 cane toad zombies
  An elephant zombie (Lair:5)
  An elf zombie (Elf:2)
  2 komodo dragon zombies (Lair:5)
  A cyclops zombie (D:10)
  A wyvern zombie (Lair:5)
  5 yak zombies
  A polar bear zombie (Lair:5)
  A troll zombie (D:10)
  A howler monkey (D:14)
  2 wolf zombies (Lair:5)
  A basilisk zombie (Lair:5)
  2 centaur zombies (D:13)
  An orc wizard (D:11)
  An ogre zombie (Orc:2)
  8 orc zombies
  A spectral weapon (Elf:2)
50 creatures vanquished.

Grand Total: 734 creatures vanquished

Notes
Turn   | Place    | Note
-------+----------+-------------------------------------------
     0 | D:1      | PaiMei the Demonspawn Necromancer began the quest for the
                  | Orb.
     0 | D:1      | Reached XP level 1. HP: 13/13 MP: 3/3
   342 | D:1      | Gained mutation: When seriously injured, your blood forms
                  | armour. (AC +12) [demonic ancestry]
   342 | D:1      | Reached XP level 2. HP: 19/19 MP: 0/5
  1006 | D:1      | Gained mutation: When seriously injured, your blood forms
                  | thick armour. (AC +12) [demonic ancestry]
  1006 | D:1      | Reached XP level 3. HP: 24/24 MP: 2/6
  1010 | D:1      | Learned a level 3 spell: Vampiric Draining
  1884 | D:2      | Reached XP level 4. HP: 19/30 MP: 1/7
  2040 | D:2      | You fall into a shaft and drop 1 floor!
  2405 | D:2      | Reached skill level 5 in Necromancy
  2710 | D:3      | Found Olusecw's Armour Shoppe.
  3249 | D:3      | Noticed Ijyb
  3258 | D:3      | Paralysed by Ijyb for 5 turns
  3266 | D:3      | Paralysed by Ijyb for 2 turns
  3272 | D:3      | Killed Ijyb
  3275 | D:3      | Gained mutation: You regenerate magic rapidly. [demonic
                  | ancestry]
  3275 | D:3      | Reached XP level 5. HP: 6/35 MP: 0/9
  3776 | D:4      | Noticed a water moccasin
  3782 | D:4      | Killed a water moccasin
  3996 | D:4      | Gained mutation: You have a pair of small antennae on your
                  | head. [demonic ancestry]
  3996 | D:4      | Reached XP level 6. HP: 41/41 MP: 11/11
  4010 | D:4      | Found a sacrificial altar of Ru.
  4183 | D:4      | Found a staircase to the Ecumenical Temple.
  4192 | Temple   | Entered the Ecumenical Temple
  4319 | D:4      | Found a transporter.
  4320 | D:4      | Noticed Seabass1289's ghost (amateur GrEE)
  4325 | D:4      | Found a transporter.
  4430 | D:4      | Found a bloodstained altar of Trog.
  4441 | D:4      | Found a hazy altar of Hepliaklqana.
  4634 | D:4      | Learned a level 4 spell: Animate Dead
  4644 | D:5      | Entered Level 5 of the Dungeon
  4649 | D:5      | Reached skill level 1 in Fighting
  4659 | D:5      | Found a hide-covered altar of Uskayaw.
  4826 | D:5      | Noticed a water moccasin
  4836 | D:5      | Killed a water moccasin
  4837 | D:5      | Reached skill level 6 in Necromancy
  4837 | D:5      | Gained mutation: A meltable shield of frost defends you.
                  | (SH +4) [demonic ancestry]
  4837 | D:5      | Reached XP level 7. HP: 42/50 MP: 0/12
  6043 | D:6      | Got the Spellbook of the Stormy Catalyst
  6276 | D:6      | Gained mutation: A meltable icy envelope protects you from
                  | harm. (AC +8) [demonic ancestry]
  6276 | D:6      | Reached XP level 8. HP: 58/58 MP: 6/14
  6371 | D:6      | Found an ornate altar of the Wu Jian Council.
  6405 | D:6      | Reached skill level 7 in Necromancy
  6598 | D:6      | Reached skill level 5 in Dodging
  6598 | D:6      | Reached skill level 5 in Spellcasting
  6854 | D:6      | Noticed Menkaure
  7082 | D:7      | Found a stormy altar of Qazlal.
  7250 | D:7      | Found an opulent altar of Gozag.
  7250 | D:7      | Found a broken altar of Ashenzari.
  7371 | D:7      | Found an iron altar of Okawaru.
  7422 | D:7      | Gained mutation: When seriously injured, your blood forms
                  | very thick armour. (AC +12) [demonic ancestry]
  7422 | D:7      | Reached XP level 9. HP: 67/67 MP: 9/17
  7790 | D:7      | Reached skill level 5 in Fighting
  7803 | D:7      | Reached skill level 8 in Necromancy
  8393 | D:8      | Reached skill level 1 in Shields
  9283 | D:8      | Found Qaxtoodu's Book Boutique.
  9375 | D:8      | Noticed a two-headed ogre
  9391 | D:8      | Killed a two-headed ogre
  9392 | D:8      | Reached skill level 9 in Necromancy
  9757 | D:8      | Found a snail-covered altar of Cheibriados.
  9829 | D:8      | Identified the +2 dagger of Distant Worlds {drain, Dex+3}
 10184 | D:9      | Reached XP level 10. HP: 70/77 MP: 20/20
 10455 | D:9      | Found a staircase to the Orcish Mines.
 10616 | D:9      | Noticed a two-headed ogre
 10626 | D:9      | Killed a two-headed ogre
 10657 | D:9      | Learned a level 5 spell: Curse of Agony
 11463 | D:10     | Entered Level 10 of the Dungeon
 11477 | D:10     | Reached skill level 10 in Necromancy
 11792 | D:10     | Noticed a two-headed ogre
 11834 | D:10     | Killed a two-headed ogre
 11835 | D:10     | Reached skill level 5 in Shields
 11835 | D:10     | Gained mutation: You have a pair of antennae on your head.
                  | [demonic ancestry]
 11835 | D:10     | Reached XP level 11. HP: 78/86 MP: 8/23
 12251 | D:10     | Noticed a two-headed ogre
 12491 | D:10     | Noticed a two-headed ogre
 12561 | D:10     | Killed a two-headed ogre
 12728 | D:10     | Noticed a tengu warrior
 12936 | D:10     | Killed a tengu warrior
 12937 | D:10     | Reached skill level 11 in Necromancy
 13065 | D:10     | Noticed a cyan ugly thing
 13073 | D:10     | Killed a cyan ugly thing
 13239 | D:10     | Identified the ring "Hueso" {Ice rElec Dex+4}
 13239 | D:10     | Identified the staff of Unpleasantness {rElec rN+ rCorr
                  | Str+3 Air}
 13239 | D:10     | Identified the +10 sling of Ucwuics Icli {speed, *Slow
                  | Will+ Dex+6}
 13239 | D:10     | Identified the +0 sling of Luler {antimagic, rElec rF+
                  | Str+4 Int-4}
 13261 | D:10     | Noticed a two-headed ogre
 13270 | D:10     | Killed a two-headed ogre
 13593 | D:10     | Killed a two-headed ogre
 14047 | D:10     | Noticed a deep elf pyromancer
 14057 | D:10     | Killed a deep elf pyromancer
 14440 | D:11     | Found a staircase to the Lair.
 14847 | D:11     | Reached XP level 12. HP: 63/96 MP: 25/25
 15979 | D:12     | Noticed an ogre mage
 15980 | D:12     | Noticed a tengu warrior
 16470 | D:12     | Killed a tengu warrior
 16471 | D:12     | Reached skill level 12 in Necromancy
 16758 | D:12     | Noticed a boulder beetle
 16975 | D:12     | Noticed a fire giant
 17066 | D:12     | Noticed Nergalle
 17116 | D:13     | Noticed a centaur warrior
 17405 | D:13     | Killed a centaur warrior
 17406 | D:13     | Reached skill level 10 in Fighting
 17853 | D:13     | Noticed Azrael
 18570 | Temple   | Became a worshipper of Sif Muna the Loreminder
 18726 | Lair:1   | Entered Level 1 of the Lair of Beasts
 18795 | Lair:1   | Reached skill level 10 in Spellcasting
 20885 | Lair:2   | Reached * piety under Sif Muna
 21060 | Lair:2   | Gained mutation: A meltable icy envelope protects you from
                  | harm. (AC +8) [demonic ancestry]
 21060 | Lair:2   | Reached XP level 13. HP: 105/105 MP: 24/27
 21251 | Lair:2   | Reached skill level 13 in Necromancy
 21499 | Lair:2   | Found a staircase to the Shoals.
 22275 | Lair:2   | Reached ** piety under Sif Muna
 22621 | Lair:2   | Found a staircase to the Snake Pit.
 23074 | Snake:1  | Entered Level 1 of the Snake Pit
 24140 | Lair:3   | Reached *** piety under Sif Muna
 24699 | Lair:3   | Reached skill level 10 in Dodging
 25023 | Lair:4   | Found a staircase to the Slime Pits.
 25402 | Lair:4   | Reached skill level 14 in Necromancy
 25765 | Lair:4   | Noticed Rupert
 26513 | Lair:5   | Entered Level 5 of the Lair of Beasts
 26778 | Lair:5   | Reached XP level 14. HP: 100/115 MP: 25/29
 26937 | Lair:5   | Found a stormy altar of Qazlal.
 27013 | Lair:5   | Reached **** piety under Sif Muna
 27583 | Lair:5   | Found the +0 mask of the Dragon {Will+ Slay+3 SInv}
 30579 | D:13     | Reached skill level 1 in Evocations
 31578 | D:13     | Reached skill level 15 in Necromancy
 32581 | D:13     | Found a gate to the Vaults.
 33348 | D:14     | Noticed Louise
 33365 | D:14     | Killed Louise
 34229 | D:14     | Found a hide-covered altar of Uskayaw.
 34705 | D:14     | Identified the +0 leather armour "Miceadd" {rF++ Int+6}
 34959 | D:14     | Reached XP level 15. HP: 50/124 MP: 10/31
 35183 | D:15     | Entered Level 15 of the Dungeon
 35865 | D:15     | HP: 3/124 [death knight/+3 heavy great mace (31)]
 36471 | D:15     | Reached skill level 1 in Invocations
 37385 | D:15     | Found a staircase to the Depths.
 37506 | D:15     | Reached ***** piety under Sif Muna
 37725 | D:15     | Reached skill level 5 in Invocations
 38283 | Depths:1 | Entered Level 1 of the Depths
 38427 | Orc:1    | Entered Level 1 of the Orcish Mines
 39183 | Orc:2    | Entered Level 2 of the Orcish Mines
 39345 | Orc:2    | Found Cyotin's Book Shoppe.
 39352 | Orc:2    | Bought Great Wizards, Vol. II for 456 gold pieces
 39368 | Orc:2    | Learned a level 5 spell: Borgnjor's Vile Clutch
 39383 | Orc:2    | Received a gift from Sif Muna
 39384 | Orc:2    | Got Ifig's Compilation of Corpses {god gift}
 39596 | Orc:2    | Reached skill level 1 in Polearms
 39643 | Orc:2    | Reached skill level 16 in Necromancy
 39873 | Orc:2    | Found a staircase to the Elven Halls.
 40469 | Orc:2    | Found Gott's Antique Weapon Emporium.
 40475 | Orc:2    | Bought a jewelled flail for 280 gold pieces
 40475 | Orc:2    | Identified the +7 flail of Riudecru {spect, rC+ MP+9 Int+3
                  | SInv} (You bought it in a shop on level 2 of the Orcish
                  | Mines)
 40498 | Orc:2    | Found Ris Haang's Antique Weapon Boutique.
 40501 | Orc:2    | Reached skill level 1 in Earth Magic
 41014 | Orc:2    | Gained mutation: You are clumsy. (Dex -2) [a neqoxec]
 41305 | Orc:2    | Found Lufat's Antique Armour Boutique.
 41344 | Orc:2    | Found Vucs's Magic Scroll Shop.
 41487 | Orc:2    | Bought a scroll of fog for 60 gold pieces
 41487 | Orc:2    | Bought a scroll of blinking for 112 gold pieces
 41487 | Orc:2    | Bought a scroll of identify for 30 gold pieces
 41487 | Orc:2    | Bought a scroll of identify for 30 gold pieces
 41616 | Orc:2    | Identified a scroll of acquirement
 41706 | Elf:1    | Entered Level 1 of the Elven Halls
 42217 | Elf:1    | Paralysed by an orc sorcerer for 3 turns
 42386 | Elf:1    | Reached skill level 1 in Maces & Flails
 42652 | Elf:1    | Found Siabbi's Armour Shoppe.
 42734 | Elf:1    | Found Fudio's Antique Weapon Shoppe.
 42999 | Elf:2    | Reached XP level 16. HP: 123/131 MP: 33/33
 43287 | Elf:2    | Noticed Agnes
 43302 | Elf:2    | Killed Agnes
 43821 | Elf:2    | HP: 4/131 [+1 heavy halberd (20)]
 44058 | Elf:2    | Paralysed by an air elemental for 1 turns
 44062 | Elf:2    | Reached skill level 10 in Invocations
 44322 | Elf:2    | Noticed Donald
 44735 | Elf:2    | Paralysed by an air elemental for 1 turns
 44740 | Elf:2    | Paralysed by an air elemental for 1 turns
 45033 | Elf:2    | HP: 5/131 [Donald/+5 long sword of holy wrath (12)]
 45033 | Elf:2    | Mangled by Donald

Illustrated notes

Levels and vault maps discovered:
D:1:      hellmonk_arrival_library, layout_loops_corners,
          hangedman_decor_growths
D:2:      layout_basic, chequers_serial_rivers_marsh
D:3:      minmay_chambers_of_twos, layout_loops_cross, serial_shops,
          nicolae_shop_hallway_plus, serial_bayou_crossing, uniq_ijyb
D:4:      layout_loops_ring, nicolae_ru_great_annihilating_truth,
          jmf_multi_god_temple2, minmay_temple_entry_junction,
          gammafunk_ghost_smash
D:5:      layout_cave_pods, mainiacjoe_overflow_chevrons,
          hangedman_abyss_or_decor_lesser_grid
D:6:      layout_loops_corners, grunt_temple_overflow_growth_and_decay,
          mainiacjoe_overflow_brackets, uniq_menkaure
D:7:      layout_cave_pools, okawaru_gym_becter, mainiacjoe_overflow_alcove_1,
          gammafunk_temple_overflow_claw, serial_bayou_pond_d
D:8:      layout_layer_cave, chei_slow_surprise, zin_treasury, serial_shops,
          nicolae_shop_real_fake_doors
D:9:      layout_irregular_city, david_orc_3, hangedman_tell_no_tales
D:10:     minmay_the_grid_3x2 [minmay_the_grid_all_tris,
          minmay_the_grid_small_cups, minmay_the_grid_aliased_spiral,
          minmay_the_grid_minigrid_medium, minmay_the_grid_minigrid_large,
          minmay_the_grid_prize_shrinking_boxes], layout_irregular_city
D:11:     layout_loops_corners, erik_lair_orcish_takeover
D:12:     minmay_tearing_corner, layout_irregular_city,
          portal_ice_cave_entry_pillars_1, uniq_nergalle
D:13:     layout_grid_maze, hangedman_vaults_entry_quadrant_bands,
          kennysheep_cross_room, lightli_minifort, uniq_azrael
D:14:     layout_rooms, nicolae_uskayaw_en_pointe, uniq_louise
D:15:     grunt_enter_depths_magical_seal, layout_basic, dispersion_dpeg
Temple:   hellmonk_temple_micro_hex
Lair:1:   layout_long_grid, serial_bayou_shore_a
Lair:2:   layout_long_grid, elwin_shoals_entry_rooms,
          alex1729_snake_entry_snake, grunt_megastairs_4
Lair:3:   layout_regular_city, nicolae_quartered_pool_super
Lair:4:   layout_cave_pods, slime_entry_1, enter_volcano_4, lemuel_fruit_fields,
          uniq_rupert
Lair:5:   gammafunk_lair_ancient_temple, layout_long_grid, basic_altar,
          pdpol_lair_neglected_garden
Snake:1:  layout_rooms, basic_altar, grunt_ministairs_4, serial_bayou_shore_b,
          serial_bayou_shore_b, uniq_aizul
Orc:1:    layout_caves, serial_shops, shop, basic_altar
Orc:2:    hellmonk_orc_salted, layout_caves, basic_altar, serial_shops,
          nicolae_book_shop_shelving, blackcustard_mines_bat_river
Elf:1:    nicolae_elf_arrival_no_cutting_in_line, layout_gridlike, serial_shops,
          shop, nicolae_shop_waterfront, shop, shop, hangedman_corner_corridor
Elf:2:    nicolae_elf_blades_crystal_corner, layout_onion_city,
          grunt_ministairs_5, uniq_agnes, uniq_donald
Depths:1: layout_big_octagon, hell_entry, minmay_shattered_shrine,
          firewood_loft, uniq_norris

Skill      XL: |  1  2  3  4  5  6  7  8  9 10 11 12 13 14 15 16 |
---------------+-------------------------------------------------+-----
Stealth        | 2 3 |  3.3
Dodging        | 2 3 4 5 6 7 9 10 11 | 11.0
Necromancy     | 5 6 7 9 10 11 12 14 15 16 | 16.0
Spellcasting   | 3 4 5 6 8 9 10 11 12 13 | 13.8
Fighting       | 2 3 4 6 7 9 10 12 13 | 13.4
Shields        | 3 5 |  5.1
Evocations     | 3 4 |  4.4
Invocations    | 9 10 | 10.4
Polearms       | 2 |  2.4
Earth Magic    | 2 3 |  3.6
Maces & Flails | 2 3 |  3.1

Action                     |  1- 3 |  4- 6 |  7- 9 | 10-12 | 13-15 | 16-18 || total
---------------------------+-------+-------+-------+-------+-------+-------++-------
  Melee: Lajatang          |    15 |       |       |       |       |       ||    15
         Dagger            |     9 |    42 |    97 |       |       |       ||   148
         Punch             |       |     1 |       |       |       |       ||     1
         War axe           |       |       |    85 |   288 |   662 |       ||  1035
         Hand axe          |       |       |       |   135 |   127 |       ||   262
         Flail             |       |       |       |       |    27 |    77 ||   104
   Fire: Sling             |       |       |       |       |    18 |       ||    18
   Cast: Necrotise         |    78 |    83 |    68 |   121 |    73 |       ||   423
         Vampiric Draining |       |     8 |    72 |   272 |   383 |     6 ||   741
         Animate Dead      |       |       |     1 |     9 |    14 |     2 ||    26
         Curse of Agony    |       |       |       |    29 |   115 |     3 ||   147
         Borgnjor's Vile C |       |       |       |       |    49 |    33 ||    82
  Evoke: Wand              |       |       |       |       |     6 |     2 ||     8
    Use: Scroll            |       |       |       |    10 |    19 |     4 ||    33
         Potion            |       |       |       |       |     4 |     1 ||     5
   Stab: Distracted        |     1 |       |       |     3 |     7 |       ||    11
         Sleeping          |       |       |     2 |     3 |       |     1 ||     6
 Armour: Robe              |    27 |    40 |    66 |       |   587 |       ||   720
         Steam dragon scal |       |       |    66 |   521 |    50 |       ||   637
         Troll leather arm |       |       |       |       |   564 |   107 ||   671
  Dodge: Dodged            |    32 |    34 |   135 |   456 |  1081 |    43 ||  1781
  Block: Buckler           |       |     1 |   132 |   510 |   916 |    41 ||  1600
